TOP OF THE 1ST |
Hudson Valley Renegades batting - Pitching for Vancouver Canadians : RHP Gilbert Weeks
|
Pitching: RHP Gilbert Weeks
|
|
Batting: SHB Chris Lockart
|
0-0: Ground out 4-3 (Groundball, 34, EV 80.0 MPH)
|
Batting: RHB Eric Waugaman
|
0-0: Ball 1-0: Ball 2-0: Foul Ball, location: 2F 2-1: Foul Ball, location: 2F 2-2: Strikes out swinging
|
Batting: RHB Adam Kaeser
|
0-0: Ball 1-0: Ball 2-0: Foul Ball, location: 2F 2-1: Swinging Strike 2-2: Strikes out swinging
|
Top of the 1st over - 0 runs, 0 hits, 0 errors, 0 left on base; Hudson Valley 0 - Vancouver 0 |
BOTTOM OF THE 1ST |
Vancouver Canadians batting - Pitching for Hudson Valley Renegades : LHP Richie van Wijngaarden
|
Pitching: LHP Richie van Wijngaarden
|
|
Batting: RHB Kennet Strijbis
|
0-0: Ball 1-0: Ball 2-0: Called Strike 2-1: Ball 3-1: Called Strike 3-2: Foul Ball, location: 2F 3-2: SINGLE (Line Drive, 56D, EV 105.0 MPH)
|
Batting: RHB John Michener
|
0-0: Ball 1-0: Fly out, F7 (Line Drive, 7, EV 98.1 MPH)
|
Batting: RHB Michel Martineau
|
0-0: Ball Kennet Strijbis steals 2nd base 1-0: Foul Ball, location: 2F 1-1: Foul Ball, location: 2F 1-2: Foul Ball, location: 2F 1-2: Fly out, F8 (Line Drive, 8RM, EV 87.5 MPH)
|
Batting: SHB David Beauchamp
|
0-0: Ball 1-0: Ball 2-0: Foul Ball, location: 2F 2-1: Swinging Strike 2-2: Ball 3-2: Foul Ball, location: 2F 3-2: Strikes out looking
|
Bottom of the 1st over - 0 runs, 1 hit, 0 errors, 1 left on base; Hudson Valley 0 - Vancouver 0 |
TOP OF THE 2ND |
Hudson Valley Renegades batting - Pitching for Vancouver Canadians : RHP Gilbert Weeks
|
Batting: RHB Chris Thorson
|
0-0: Ball 1-0: Called Strike 1-1: Swinging Strike 1-2: SINGLE (Groundball, 56D, EV 106.2 MPH)
|
Batting: RHB Eddie Zamora
|
0-0: Ball 1-0: Called Strike 1-1: Foul Ball, location: 2F 1-2: Ball 2-2: Foul Ball, location: 2F 2-2: Fielders Choice at 2nd, 6-4 (Groundball, 6, EV 85.6 MPH)
|
Batting: RHB Jim Erdody
|
0-0: Called Strike 0-1: Ball 1-1: Foul Ball, location: 2F 1-2: Ball 2-2: Grounds into double play, 5-4-3 (Groundball, 15, EV 79.4 MPH)
|
Top of the 2nd over - 0 runs, 1 hit, 0 errors, 0 left on base; Hudson Valley 0 - Vancouver 0 |
BOTTOM OF THE 2ND |
Vancouver Canadians batting - Pitching for Hudson Valley Renegades : LHP Richie van Wijngaarden
|
Batting: RHB Dan Hilyer
|
0-0: Ball 1-0: Ground out 6-3 (Groundball, 56, EV 103.1 MPH)
|
Batting: RHB Lamberto Amicis
|
0-0: Ball 1-0: Reached on error, E6 (Groundball, 6, EV 100.6 MPH)
|
Batting: RHB Victor Gonzalez
|
0-0: Foul Ball, location: 2F 0-1: Ball 1-1: Foul Ball, location: 2F 1-2: Ball 2-2: Ground out 6-3 (Groundball, 6, EV 90.0 MPH) Lamberto Amicis to third
|
Batting: SHB Scott Robbins
|
0-0: Ground out 5-3 (Groundball, 56S, EV 81.9 MPH)
|
Bottom of the 2nd over - 0 runs, 0 hits, 1 error, 1 left on base; Hudson Valley 0 - Vancouver 0 |
TOP OF THE 3RD |
Hudson Valley Renegades batting - Pitching for Vancouver Canadians : RHP Gilbert Weeks
|
Batting: LHB Alex Genao
|
0-0: Ball 1-0: Ball 2-0: DOUBLE (Line Drive, 78D, EV 105.6 MPH)
|
Batting: RHB Jesus Baires
|
0-0: Foul Ball, location: 2F 0-1: Ball 1-1: Ground out 5-3 (Groundball, 5L, EV 91.2 MPH)
|
Batting: RHB Greg Grayson
|
0-0: Called Strike 0-1: Foul Ball, location: 2F 0-2: Strikes out swinging
|
Batting: SHB Chris Lockart
|
0-0: Swinging Strike 0-1: Fly out, F8 (Flyball, 8RM, EV 92.5 MPH)
|
Top of the 3rd over - 0 runs, 1 hit, 0 errors, 1 left on base; Hudson Valley 0 - Vancouver 0 |
BOTTOM OF THE 3RD |
Vancouver Canadians batting - Pitching for Hudson Valley Renegades : LHP Richie van Wijngaarden
|
Batting: LHB Edgar Castillo
|
0-0: Ball 1-0: Called Strike 1-1: Ball 2-1: Ball 3-1: Base on Balls
|
Batting: RHB Kennet Strijbis
|
0-0: Foul Ball, location: 2F 0-1: Ball 1-1: Swinging Strike 1-2: Grounds into double play, 4-6-3 (Groundball, 4, EV 89.4 MPH)
|
Batting: RHB John Michener
|
0-0: Ball 1-0: Ball 2-0: Swinging Strike 2-1: Ball 3-1: SINGLE (Line Drive, 78S, EV 100.6 MPH)
|
Batting: RHB Michel Martineau
|
0-0: Foul Ball, location: 2F 0-1: Called Strike John Michener steals 2nd, throwing error, E2 John Michener to third 0-2: Ball 1-2: Ball 2-2: Ball 3-2: Foul Ball, location: 2F 3-2: Base on Balls
|
Batting: SHB David Beauchamp
|
0-0: Ball 1-0: Called Strike 1-1: Ball 2-1: Ball 3-1: Base on Balls Michel Martineau to second
|
Batting: RHB Dan Hilyer
|
0-0: Foul Ball, location: 2F 0-1: Ball 1-1: Ball 2-1: Ball 3-1: Called Strike 3-2: Fly out, F8 (Flyball, 8LD, EV 95.0 MPH)
|
Bottom of the 3rd over - 0 runs, 1 hit, 1 error, 3 left on base; Hudson Valley 0 - Vancouver 0 |
TOP OF THE 4TH |
Hudson Valley Renegades batting - Pitching for Vancouver Canadians : RHP Gilbert Weeks
|
Batting: RHB Eric Waugaman
|
0-0: Swinging Strike 0-1: Ball 1-1: Called Strike 1-2: Ball 2-2: Strikes out looking
|
Batting: RHB Adam Kaeser
|
0-0: Ball 1-0: Foul Ball, location: 2F 1-1: Foul Ball, location: 2F 1-2: Foul Ball, location: 2F 1-2: Ball 2-2: Strikes out swinging
|
Batting: RHB Chris Thorson
|
0-0: Ball 1-0: Ball 2-0: Swinging Strike 2-1: Called Strike 2-2: Strikes out swinging
|
Top of the 4th over - 0 runs, 0 hits, 0 errors, 0 left on base; Hudson Valley 0 - Vancouver 0 |
BOTTOM OF THE 4TH |
Vancouver Canadians batting - Pitching for Hudson Valley Renegades : LHP Richie van Wijngaarden
|
Batting: RHB Lamberto Amicis
|
0-0: Called Strike 0-1: Ball 1-1: Ball 2-1: Swinging Strike 2-2: Ground out 5-3 (Groundball, 56, EV 79.4 MPH)
|
Batting: RHB Victor Gonzalez
|
0-0: Called Strike 0-1: Foul Ball, location: 2F 0-2: Ball 1-2: Ball 2-2: Foul Ball, location: 2F 2-2: Ball 3-2: Foul Ball, location: 2F 3-2: SINGLE (Groundball, 6D, EV 109.4 MPH)
|
Batting: SHB Scott Robbins
|
0-0: Called Strike 0-1: Ground out U3 (Groundball, 3, EV 94.4 MPH) Victor Gonzalez to second
|
Batting: LHB Edgar Castillo
|
0-0: Ball 1-0: Ball 2-0: Called Strike 2-1: Called Strike 2-2: Foul Ball, location: 2F 2-2: Foul Ball, location: 2F 2-2: Ground out 4-3 (Groundball, 4, EV 79.4 MPH)
|
Bottom of the 4th over - 0 runs, 1 hit, 0 errors, 1 left on base; Hudson Valley 0 - Vancouver 0 |
TOP OF THE 5TH |
Hudson Valley Renegades batting - Pitching for Vancouver Canadians : RHP Gilbert Weeks
|
Batting: RHB Eddie Zamora
|
0-0: Ball 1-0: SOLO HOME RUN (Flyball, 7LD, EV 98.1 MPH), Distance : 349 ft
|
Batting: RHB Jim Erdody
|
0-0: Called Strike 0-1: Swinging Strike 0-2: Foul Ball, location: 2F 0-2: Ball 1-2: Foul Ball, location: 2F 1-2: Ball 2-2: Foul Ball, location: 2F 2-2: Strikes out looking
|
Batting: LHB Alex Genao
|
0-0: Fly out, F6 (Popup, 6D, EV 51.2 MPH)
|
Batting: RHB Jesus Baires
|
0-0: Ball 1-0: DOUBLE (Flyball, 89D, EV 100.0 MPH)
|
Batting: RHB Greg Grayson
|
0-0: Ball 1-0: Called Strike 1-1: Swinging Strike 1-2: Ground out 6-3 (Groundball, 6, EV 103.1 MPH)
|
Top of the 5th over - 1 run, 2 hits, 0 errors, 1 left on base; Hudson Valley 1 - Vancouver 0 |
BOTTOM OF THE 5TH |
Vancouver Canadians batting - Pitching for Hudson Valley Renegades : LHP Richie van Wijngaarden
|
Batting: RHB Kennet Strijbis
|
0-0: Ball 1-0: Foul Ball, location: 2F 1-1: Called Strike 1-2: Foul Ball, location: 2F 1-2: Ground out U3 (Groundball, 3, EV 82.5 MPH)
|
Batting: RHB John Michener
|
0-0: Fly out, F8 (Flyball, 78D, EV 91.2 MPH)
|
Batting: RHB Michel Martineau
|
0-0: Ground out 4-3 (Groundball, 4, EV 81.2 MPH)
|
Bottom of the 5th over - 0 runs, 0 hits, 0 errors, 0 left on base; Hudson Valley 1 - Vancouver 0 |
TOP OF THE 6TH |
Hudson Valley Renegades batting - Pitching for Vancouver Canadians : RHP Gilbert Weeks
|
Batting: SHB Chris Lockart
|
0-0: Ball 1-0: Called Strike 1-1: Ball 2-1: Ball 3-1: Foul Ball, location: 2F 3-2: Ground out U3 (Groundball, 3S, EV 85.6 MPH)
|
Batting: RHB Eric Waugaman
|
0-0: Ball 1-0: Foul Ball, location: 2F 1-1: Ball 2-1: Foul Ball, location: 2F 2-2: Foul Ball, location: 2F 2-2: Ground out 6-3 (Groundball, 6M, EV 100.6 MPH)
|
Batting: RHB Adam Kaeser
|
0-0: Ball 1-0: Fly out, F9 (Flyball, 89S, EV 91.2 MPH)
|
Top of the 6th over - 0 runs, 0 hits, 0 errors, 0 left on base; Hudson Valley 1 - Vancouver 0 |
BOTTOM OF THE 6TH |
Vancouver Canadians batting - Pitching for Hudson Valley Renegades : LHP Richie van Wijngaarden
|
Batting: SHB David Beauchamp
|
0-0: Foul Ball, location: 2F 0-1: Foul Ball, location: 2F 0-2: Ball 1-2: Strikes out looking
|
Pitching: RHP Pablo Maravilla
|
|
Pinch Hitting: LHB Cedric Saunders
|
0-0: Called Strike 0-1: Ball 1-1: Swinging Strike 1-2: Ball 2-2: Ball 3-2: DOUBLE (Line Drive, 78M, EV 105.0 MPH)
|
Batting: RHB Lamberto Amicis
|
0-0: Ball 1-0: Ground out 5-3 (Groundball, 5, EV 91.2 MPH)
|
Pinch Hitting: RHB Cesar Chavez
|
0-0: Called Strike 0-1: Foul Ball, location: 2F 0-2: Strikes out looking
|
Bottom of the 6th over - 0 runs, 1 hit, 0 errors, 1 left on base; Hudson Valley 1 - Vancouver 0 |
TOP OF THE 7TH |
Hudson Valley Renegades batting - Pitching for Vancouver Canadians : RHP Gilbert Weeks
|
Now at 2B: Cesar Chavez
|
|
Now at 3B: Kennet Strijbis
|
|
Now in CF: Adam Santarelli
|
|
Batting: RHB Chris Thorson
|
0-0: Ball 1-0: Swinging Strike 1-1: Ball 2-1: Swinging Strike 2-2: Strikes out swinging, 2-3 out at first.
|
Batting: RHB Eddie Zamora
|
0-0: Swinging Strike 0-1: Ball 1-1: Ground out 6-3 (Groundball, 56, EV 104.4 MPH)
|
Batting: RHB Jim Erdody
|
0-0: Called Strike 0-1: Ball 1-1: Foul Ball, location: 2F 1-2: Strikes out swinging
|
Top of the 7th over - 0 runs, 0 hits, 0 errors, 0 left on base; Hudson Valley 1 - Vancouver 0 |
BOTTOM OF THE 7TH |
Vancouver Canadians batting - Pitching for Hudson Valley Renegades : RHP Pablo Maravilla
|
Batting: SHB Scott Robbins
|
0-0: Called Strike 0-1: SOLO HOME RUN (Flyball, 9LD, EV 90.0 MPH), Distance : 344 ft
|
Batting: LHB Edgar Castillo
|
0-0: Called Strike 0-1: Called Strike 0-2: Ball 1-2: Ball 2-2: Foul Ball, location: 2F 2-2: Ball 3-2: Base on Balls
|
Batting: RHB Kennet Strijbis
|
0-0: Sac Bunt to 3S - play at first, batter OUT! 3-1 Edgar Castillo to second
|
Batting: RHB John Michener
|
0-0: Foul Ball, location: 2F 0-1: Swinging Strike 0-2: SINGLE (Line Drive, 7S, EV 94.4 MPH) Edgar Castillo to third
|
Batting: RHB Michel Martineau
|
0-0: Ball John Michener steals 2nd base 1-0: Intentional Walk
|
Batting: SHB David Beauchamp
|
0-0: Ball 1-0: Ball 2-0: Ball Balk! Edgar Castillo scores John Michener to third Michel Martineau to second 3-0: Base on Balls
|
Batting: LHB Adam Santarelli
|
0-0: Called Strike 0-1: Ball 1-1: Ball 2-1: Foul Ball, location: 2F 2-2: Foul Ball, location: 2F 2-2: Foul Ball, location: 2F 2-2: SINGLE (Groundball, 6, EV 106.9 MPH) John Michener scores Michel Martineau to third David Beauchamp to second
|
Pitching: RHP Carlos Najera
|
|
Pinch Hitting: LHB Curt Maxwell
|
0-0: Called Strike 0-1: Called Strike 0-2: Strikes out swinging
|
Batting: RHB Cesar Chavez
|
0-0: Ball 1-0: Ball 2-0: SINGLE (Groundball, 56D, EV 99.4 MPH) Michel Martineau scores David Beauchamp to third Adam Santarelli to second Runner from 3rd tries for Home, SAFE, throw by LF to home
|
Batting: SHB Scott Robbins
|
0-0: Ball 1-0: Fielders Choice at 2nd, 4-6 (Groundball, 4MD, EV 85.0 MPH)
|
Bottom of the 7th over - 5 runs, 4 hits, 0 errors, 2 left on base; Hudson Valley 1 - Vancouver 5 |
TOP OF THE 8TH |
Hudson Valley Renegades batting - Pitching for Vancouver Canadians : RHP Gilbert Weeks
|
Now at SS: Alex Vazquez
|
|
Batting: LHB Alex Genao
|
0-0: Called Strike 0-1: Ground out 6-3 (Groundball, 56, EV 88.1 MPH)
|
Batting: RHB Jesus Baires
|
0-0: Ball 1-0: Ball 2-0: Ground out 4-3 (Groundball, 4S, EV 61.9 MPH)
|
Batting: RHB Greg Grayson
|
0-0: Foul Ball, location: 2F 0-1: Called Strike 0-2: Ball 1-2: Foul Ball, location: 2F 1-2: SINGLE (Groundball, 6D, EV 96.9 MPH)
|
Batting: SHB Chris Lockart
|
0-0: Foul Ball, location: 2F 0-1: Ball 1-1: Foul Ball, location: 2F 1-2: Ball 2-2: Reached on error, E5 (Groundball, 5, EV 106.9 MPH) Greg Grayson to second
|
Pitching: RHP Mike Amos
|
|
Batting: RHB Eric Waugaman
|
0-0: Ball 1-0: Ball 2-0: Foul Ball, location: 2F 2-1: SINGLE (Groundball, 56S, EV 73.8 MPH) (infield hit) Greg Grayson to third Chris Lockart to second
|
Batting: RHB Adam Kaeser
|
0-0: Ball 1-0: Ball 2-0: Foul Ball, location: 2F 2-1: SINGLE (Groundball, 5D, EV 105.0 MPH) Greg Grayson scores Chris Lockart to third Eric Waugaman to second Runner from 3rd tries for Home, SAFE, throw by LF to home
|
Pinch Hitting: LHB Josh Redfern
|
0-0: Swinging Strike 0-1: Called Strike 0-2: Fly out, F5 (Popup, 15, EV 86.9 MPH)
|
Top of the 8th over - 2 runs, 3 hits, 1 error, 2 left on base; Hudson Valley 3 - Vancouver 5 |
BOTTOM OF THE 8TH |
Vancouver Canadians batting - Pitching for Hudson Valley Renegades : RHP Carlos Najera
|
Now at 1B: Suljo Dokic
|
|
Batting: LHB Edgar Castillo
|
0-0: Called Strike 0-1: Ball 1-1: Fly out, F7 (Line Drive, 7, EV 93.1 MPH)
|
Batting: RHB Kennet Strijbis
|
0-0: Ball 1-0: Called Strike 1-1: Ball 2-1: Swinging Strike 2-2: Foul Ball, location: 2F 2-2: SINGLE (Groundball, 6D, EV 98.1 MPH)
|
Batting: RHB John Michener
|
0-0: Called Strike 0-1: Ball 1-1: SINGLE (Groundball, 56S, EV 76.9 MPH) (infield hit) Kennet Strijbis to second
|
Batting: RHB Michel Martineau
|
0-0: Foul Ball, location: 2F 0-1: Ball 1-1: Foul Ball, location: 2F 1-2: Strikes out looking
|
Batting: SHB David Beauchamp
|
0-0: Ball John Michener steals 2nd base Kennet Strijbis steals 3rd base 1-0: SINGLE (Groundball, 6MD, EV 95.6 MPH) Kennet Strijbis scores John Michener to third
|
Batting: LHB Adam Santarelli
|
0-0: Called Strike 0-1: Ball 1-1: Ball 2-1: Ball 3-1: Fly out, F7 (Flyball, 7, EV 92.5 MPH)
|
Bottom of the 8th over - 1 run, 3 hits, 0 errors, 2 left on base; Hudson Valley 3 - Vancouver 6 |
TOP OF THE 9TH |
Hudson Valley Renegades batting - Pitching for Vancouver Canadians : RHP Mike Amos
|
Pitching: RHP Bobby Leija
|
|
Batting: RHB Eddie Zamora
|
0-0: Foul Ball, location: 2F 0-1: Ball 1-1: Swinging Strike 1-2: Strikes out swinging
|
Batting: RHB Jim Erdody
|
0-0: Ball 1-0: Called Strike 1-1: Ball 2-1: Foul Ball, location: 2F 2-2: Strikes out swinging
|
Batting: LHB Alex Genao
|
0-0: Foul Ball, location: 2F 0-1: Ball 1-1: Ball 2-1: Ball 3-1: Foul Ball, location: 2F 3-2: Foul Ball, location: 2F 3-2: Strikes out looking
|
Top of the 9th over - 0 runs, 0 hits, 0 errors, 0 left on base; Hudson Valley 3 - Vancouver 6 |
|